 Dungeon Crawl Stone Soup version 0.28-a0-1142-gc8569940dd (webtiles) character file.

1714262 HighWolly the Conqueror (level 25, 250/251 (257) HPs)
             Began as a Minotaur Berserker on Jan 18, 2019.
             Was a High Priest of Trog.
             Escaped with the Orb
             ... and 3 runes on Dec 13, 2021!
             The game lasted 03:00:07 (63410 turns).

HighWolly the Conqueror (Minotaur Berserker)       Turns: 63410, Time: 03:00:07

HP:   250/251 (257) AC: 42    Str: 27    XL:     25   Next: 52%
MP:   0/6           EV: 16    Int:  6    God:    Trog [*****.]
Gold: 2252          SH: 25    Dex: 12    Spells: 24/24 levels left

rFire   + + .      SeeInvis +   D - +6 broad axe (antimagic)
rCold   + + .      Faith    .   j - +2 tower shield {rN+}
rNeg    + . .      Spirit   .   s - +7 gold dragon scales
rPois   +          Reflect  .   A - +2 hat
rElec   +          Harm     .   t - scarf {rC+ rF+}
rCorr   +          Rampage  .   S - +1 pair of gloves {infuse}
Will    +++..      Rage     1%  P - +1 pair of boots
Stlth   ..........              X - amulet "Qarig" {rPois Regen+ rCorr}
HPRegen 1.31/turn               l - ring of willpower
MPRegen 0.10/turn               g - ring "Pecexim" {Fly rElec rPois Will+}

@: attractive, flying, studying 2 skills, lightly drained, invisible
A: horns 2, retaliatory headbutt, see invisible, berserk 1, clumsy 1, low mp 1,
electricity resistance, sturdy frame 1
0: Orb of Zot
}: 3/15 runes: barnacled, silver, gossamer
a: Renounce Religion, Berserk, Trog's Hand, Brothers in Arms


You escaped.
You worshipped Trog.
Trog was extremely pleased with you.
You visited 8 branches of the dungeon, and saw 46 of its levels.
You visited 1 bazaar.
You also visited: Ice Cave, Wizlab and Desolation.

You collected 5498 gold pieces.
You spent 3246 gold pieces at shops.

Inventory:

Hand Weapons
 a - a +9 broad axe of electrocution
   (Trog gifted it to you on level 12 of the Dungeon)
 k - the +3 spear of the Lamprey {vorpal, rF+ Dex+5 SInv}
   (You took it off a spriggan on level 4 of the Lair of Beasts)

   It inflicts extra damage upon your enemies.
   Dex:       It affects your dexterity (+5).
   rF:        It protects you from fire.
   SInv:      It lets you see invisible.
 D - a +6 antimagic broad axe (weapon)
   (Trog gifted it to you on level 2 of the Depths)
Missiles
 y - 18 javelins
 C - 10 silver javelins (quivered)
 V - 2 throwing nets {!f}
Armour
 j - a +2 tower shield of positive energy (worn)
   (You acquired it on level 12 of the Dungeon)
 p - a +2 cloak of preservation
   (You took it off a draconian monk on level 4 of the Realm of Zot)
 s - +7 gold dragon scales (worn)
   (You found it on level 4 of the Depths)
 t - a scarf of resistance (worn)
   (You found it on level 4 of the Vaults)
 A - a +2 hat (worn)
   (You found it on level 3 of the Dungeon)
 O - a +0 cloak of preservation
   (You took it off a draconian scorcher on level 5 of the Realm of Zot)
 P - a +1 pair of boots (worn)
   (You found it on level 2 of the Dungeon)
 Q - the +2 cloak "Hamagrum" {Str+6}
   (You found it on level 5 of the Realm of Zot)

   Str:       It affects your strength (+6).
 S - a +1 pair of gloves of infusion (worn)
   (You found it on level 5 of the Vaults)
Jewellery
 b - the ring of the Philosopher {rCorr EV+4 Int-4 Dex+10}
   (You found it in the Desolation of Salt)

   [ring of evasion]

   EV:        It affects your evasion (+4).
   Int:       It affects your intelligence (-4).
   Dex:       It affects your dexterity (+10).
   rCorr:     It protects you from acid and corrosion.
 g - the ring "Pecexim" (right hand) {Fly rElec rPois Will+}
   (You acquired it on level 1 of the Vaults)

   [ring of flight]

   rElec:     It insulates you from electricity.
   rPois:     It protects you from poison.
   Fly:       It grants you flight.
   Will:      It increases your willpower.
 l - a ring of willpower (left hand)
   (You found it on level 2 of the Lair of Beasts)
 o - a ring of protection from cold
   (You found it on level 3 of the Dungeon)
 z - a ring of see invisible
   (You found it on level 3 of the Spider Nest)
 F - a +4 ring of slaying
   (You found it on level 2 of the Vaults)
 N - a ring of protection from fire
   (You found it on level 4 of the Spider Nest)
 R - the ring of the Scorching Oracle {rF+ rCorr Str+3}
   (You found it in the Desolation of Salt)

   [ring of protection from fire]

   Str:       It affects your strength (+3).
   rF:        It protects you from fire.
   rCorr:     It protects you from acid and corrosion.
 X - the amulet "Qarig" (around neck) {rPois Regen+ rCorr}
   (You bought it in a shop on level 2 of the Shoals)

   [amulet of regeneration]

   rPois:     It protects you from poison.
   Regen:     It increases your rate of health regeneration.
   rCorr:     It protects you from acid and corrosion.
Wands
 d - a wand of iceblast (12)
   (You found it on level 1 of the Vaults)
 v - a wand of digging (19)
   (You found it on level 9 of the Dungeon)
 x - a wand of acid (45)
   (You found it on level 7 of the Dungeon)
Scrolls
 c - 26 scrolls of identify {@r1}
 h - 4 scrolls of immolation {!r}
 q - 11 scrolls of removedness {@r2}
 r - 12 scrolls of blinking
 u - a scroll of enchant armour
 B - 2 scrolls of vulnerability {!r}
 E - 23 scrolls of teleportation {@r4}
 G - 6 scrolls of fog
 K - a scroll of enchant weapon
 M - 2 scrolls of summoning
 T - a scroll of magic mapping
 Y - 7 scrolls of fear
Potions
 f - a potion of cancellation
 i - a potion of mutation {!q}
 m - a potion of haste {@q3}
 w - 2 potions of lignification {!q}
 H - 8 potions of curing {@q1}
 I - 3 potions of heal wounds {@q2}
 L - 7 potions of attraction {!q}
 U - 5 potions of might
 W - 4 potions of invisibility
Miscellaneous
 n - a phial of floods
   (You found it on level 12 of the Dungeon)
 J - a phantom mirror
   (You found it on level 8 of the Dungeon)
Comestibles
 e - 53 removed foods {!d}


   Skills:
 O Level 27 Fighting
 - Level 18.9 Axes
 - Level 16.0 Throwing
 O Level 27 Armour
 + Level 22.8 Dodging
 - Level 25.0 Shields


You had 24 spell levels left.
You didn't know any spells.
Your spell library was empty.

Dungeon Overview and Level Annotations

Branches:
Dungeon (15/15)            Temple (0/1) D:4            Lair (6/6) D:8
 Shoals (4/4) Lair:4       Spider (4/4) Lair:2          Orc (2/2) D:11
    Elf (0/3) Orc:2        Vaults (5/5) D:14          Crypt (0/3) Vaults:3
 Depths (5/5) D:15            Zot (5/5) Depths:4     WizLab (visited)
Desolation (visited)
  Slime: Lair:5-6

Altars:
Gozag
Hepliaklqana
Qazlal
Xom
Yredelemnul

Shops:
D:4 x   D:7 *   D:9 *   D:11 x*   D:12 :   D:13 !   Orc:2 (::[   Shoals:2 !??=*
Vaults:1 [   Vaults:3 *   Vaults:5 (   Depths:2 [   Depths:4 [*:=

Portals:
Hell: Depths:1 Depths:2 Depths:3 Depths:4 Depths:5
Abyss: Depths:1 Depths:3 Depths:4 Depths:5
Pandemonium: Depths:1 Depths:2
Ziggurat: Depths:1
Trove: D:15 (give +4 storm dragon scales)

Annotations:
D:10 1 runed translucent door, syranez's ghost, journeyman OpWz
Lair:3 3 runed translucent doors, Peloso's ghost, journeyman MiFi
Lair:6 exclusion: 3 oklob plants
Zot:2 4 transporters


Innate Abilities, Weirdness & Mutations

You have a pair of horns on your head.
You reflexively headbutt those who attack you in melee.
You have supernaturally acute eyesight. (SInv)
You tend to lose your temper in combat.
You are clumsy. (Dex -2)
Your magical capacity is low. (-10% MP)
You are resistant to electric shocks. (rElec)
Your movements are slightly less encumbered by armour. (ER -2)


Message History

Trog accepts your kill.
An Orb Guardian comes into view.
You fade into invisibility!
The merfolk shouts!
There is an open door here.
The merfolk shouts!
The vine stalker shouts!
The spriggan shouts!
The halfling shouts!
The human shouts!
The centaur shouts!
The centaur shouts!
The centaur shouts!
The minotaur bellows!
The octopode shouts!
The minotaur bellows!
The octopode shouts!
The minotaur bellows!
The naga shouts!
The octopode shouts!
The formicid shouts!
Really quaff
L - 8 potions of attraction {!q}?
Really quaff the potion of attraction?
You feel attractive to monsters.
The minotaur bellows!
The octopode shouts!
The Orb Guardian is attracted toward you.
The kobold shouts!
The felid hisses angrily.
The kobold shouts!
The kobold shouts!
The ogre shouts!
The tengu shouts!
The tengu shouts!
The demigod shouts!
The tengu shouts!
The demigod shouts!
The demigod shouts!
The dwarf shouts!
The elf shouts!
The dwarf shouts!
The dwarf shouts!
The orc shouts!
The elf shouts!
The orc shouts!
Your extra speed is starting to run out.
The orc shouts!
The demonspawn shouts!
The troll shouts!
The demonspawn shouts!
The demonspawn shouts!
The troll shouts!
The Orb Guardian is attracted toward you.
There is an open door here.
There is a staircase leading out of the dungeon here.
You slash the Orb Guardian! You block the Orb Guardian's attack.
You barely miss the Orb Guardian. Your headbutt misses the Orb Guardian.
You slash the Orb Guardian!
You headbutt the Orb Guardian, but do no damage.
You block the Orb Guardian's attack.
You slice the Orb Guardian!!
You headbutt the Orb Guardian, but do no damage.
The Orb Guardian hits you but does no damage.
You slice the Orb Guardian!!
You kill the Orb Guardian!
Trog accepts your kill.
You feel yourself slow down.
You have escaped!

#.# #.# #.#
########.#
.........#
###############
#N#K#O#p#g#o#6####
###############..#
..............'.@#
###############..#
#B#h#Q#d#e#9#T####
###############
#.......#
####.#####.#
.......# #.#
####.#.# #.# #
#.#.###.#


There were no monsters in sight!

Vanquished Creatures
  2 dread liches (Zot:5)
  5 orbs of fire
  4 ancient liches
  Margery (Depths:1)
  Sojobo (Depths:2)
  Bai Suzhen (Vaults:2)
  6 Killer Klowns
  Saint Roka (Depths:2)
  2 curse toes
  Jory (Vaults:4)
  13 golden dragons
  4 electric golems
  A Tzitzimitl (D:3)
  7 tentacled monstrosities
  28 Orb Guardians
  6 frost giants
  4 emperor scorpions (Spider:4)
  2 orc warlords
  9 ghost moths
  3 titans
  2 Executioners
  7 quicksilver dragons
  9 death cobs
  5 sphinxes
  5 tengu reavers
  2 entropy weavers
  9 shadow dragons
  12 storm dragons
  8 draconian monks
  8 draconian knights
  A deep elf sorcerer (Vaults:4)
  2 iron dragons
  9 spark wasps
  19 vault wardens
  2 balrugs (Zot:4)
  2 imperial myrmidons (Desolation)
  16 fire giants
  A juggernaut zombie (Depths:3)
  A cacodemon (D:4)
  13 dire elephants
  11 draconian scorchers
  7 draconian shifters
  6 draconian stormcallers
  9 draconian annihilators
  28 ironbound preservers
  Snorg (D:12)
  8 stone giants
  2 war gargoyles
  14 black draconians
  26 very ugly things
  A deep elf demonologist (Vaults:1)
  43 vault guards
  15 green draconians
  2 halazid warlocks (Desolation)
  9 ice dragons
  3 deep elf annihilators
  An entropy weaver (shapeshifter) (Vaults:5)
  8 red draconians
  13 white draconians
  22 purple draconians
  9 yellow draconians
  A minotaur (Shoals:4)
  The ghost of firegrace the Severer, a journeyman DrBe of Trog (Lair:4)
  A death knight (D:14)
  3 crystal guardians
  8 statues (WizLab)
  12 ettins
  11 hydras
  Erica (D:10)
  2 jiangshi (Depths:1)
  3 two-headed ogres
  3 deep elf high priests
  A fire dragon (shapeshifter) (Vaults:5)
  3 merfolk impalers
  9 great orbs of eyes
  An anaconda (Lair:6)
  9 centaur warriors
  6 ragged hierophants (Desolation)
  18 fire dragons
  19 yaktaur captains
  4 death yaks (Lair:6)
  8 tengu warriors
  5 servants of whispers (Desolation)
  A boulder beetle (Vaults:4)
  9 ironbound thunderhulks
  4 spriggan air magi
  2 rakshasas
  2 anacondas (shapeshifter)
  8 ironbound frosthearts
  6 merfolk aquamancers
  4 orc high priests (Orc:2)
  7 peacekeepers
  An alligator snapping turtle (Shoals:3)
  10 satyrs
  10 deep troll shamans
  10 deep troll earth magi
  3 vampire magi
  3 sun demons
  7 spriggan berserkers
  A titan zombie (Depths:3)
  10 iron trolls
  A skeletal warrior (Vaults:3)
  3 hell knights
  4 sixfirhies
  3 unseen horrors
  68 deep trolls
  2 shadow dragon zombies (Depths:3)
  3 spark wasp zombies (Depths:3)
  A swamp dragon (shapeshifter) (Depths:5)
  2 glowing orange brains
  2 shadow demons
  8 sea snakes
  5 necromancers
  27 ironbound convokers
  2 tengu zombies (Depths:3)
  13 wizards
  7 orc knights
  5 sphinx zombies (Depths:3)
  4 phantasmal warriors
  28 wolf spiders
  14 orb spiders
  28 harpies
  2 frost giant zombies (Depths:3)
  33 ugly things
  7 orc sorcerers
  7 lindwurms
  An iron dragon zombie (Depths:3)
  2 cyclopes (shapeshifter)
  2 elephants (shapeshifter)
  19 fauns
  3 fire giant zombies (Depths:3)
  4 cyclopes
  A moth of wrath (shapeshifter) (Depths:5)
  18 manticores
  2 spriggan zombies (Depths:3)
  4 black mambas
  An orange demon (Depths:2)
  6 water nymphs
  16 vault sentinels
  9 cane toads
  6 merfolk sirens
  3 centaur zombies
  An ice statue (IceCv)
  15 moths of wrath
  4 elephants (Lair:6)
  A smoke demon (Depths:2)
  A molten gargoyle (Desolation)
  A gargoyle (D:11)
  6 komodo dragons
  An efreet (D:6)
  A torpor snail (Spider:1)
  A rime drake (Lair:5)
  14 demonic crawlers
  A hellion (Zot:3)
  2 kobold demonologists
  11 freezing wraiths
  32 yaktaurs
  A tormentor (Depths:3)
  17 tengu conjurers
  A human skeleton (Vaults:2)
  A harpy zombie (D:15)
  A meliai (shapeshifter) (Vaults:4)
  A red devil (Depths:2)
  A wolf spider simulacrum (IceCv)
  26 jumping spiders
  15 merfolk
  6 trolls
  2 polar bears
  4 wind drakes
  17 dream sheep
  11 hornets
  26 slime creatures
  41 saltlings (Desolation)
  7 snapping turtles
  2 ettin zombies (Vaults:2)
  16 blink frogs
  11 removed hippogriffs
  40 redbacks
  22 tarantellas
  A ynoxinul (Depths:2)
  4 large abominations (Depths:3)
  6 spriggans
  10 water elementals
  Sigmund (D:2)
  A vampire (D:12)
  A human (D:7)
  A shadow (D:14)
  2 hogs (D:7)
  2 basilisks
  4 wyverns
  27 yaks
  5 vampire mosquitoes
  3 chaos spawn
  4 removed hungry ghosts
  Edmund (D:6)
  3 human zombies (Depths:3)
  3 wargs
  An acid dragon (D:13)
  2 removed soldier ants
  25 water moccasins
  A floating eye (shapeshifter) (Depths:2)
  5 removed porcupines
  8 ice beasts
  28 orc warriors
  5 sky beasts
  13 ogres
  5 phantoms
  4 black bears
  3 necrophages
  10 wolves
  7 centaurs
  2 removed eyes of draining
  A boggart (Lair:4)
  11 removed crocodiles
  2 kobold brigands
  21 bullfrogs
  2 wyvern zombies
  5 scorpions
  8 small abominations (Depths:3)
  An elephant simulacrum (IceCv)
  A human simulacrum (Vaults:4)
  9 killer bees
  6 wights
  4 electric eels
  11 crimson imps
  3 howler monkeys
  A draconian simulacrum (IceCv)
  4 bullfrog zombies
  5 jellies
  Crazy Yiuf (D:4)
  11 hounds
  4 centaur skeletons
  11 orc priests
  2 bullfrog skeletons (D:12)
  6 iguanas
  Ijyb (D:5)
  20 orc wizards
  3 hell rats (D:5)
  8 removed worker ants
  5 troll simulacra (IceCv)
  2 spriggan simulacra (IceCv)
  2 wolf simulacra (IceCv)
  3 centaur simulacra (IceCv)
  A removed worker ant zombie (D:10)
  4 gnolls (D:6)
  5 naga simulacra (IceCv)
  4 river rats (D:5)
  18 adders
  4 ogre simulacra (IceCv)
  6 shadow imps
  24 white imps
  2 endoplasms
  A worm (D:4)
  A dart slug (D:1)
  94 orcs
  2 removed leopard geckos (D:1)
  7 bats
  10 giant cockroaches
  13 goblins
  5 hobgoblins
  18 jackals
  16 kobolds
  7 quokkas
  2 ball pythons
  5 frilled lizards
  A giant cockroach zombie (D:6)
  A jackal skeleton (D:7)
  4 quokka skeletons
  20 rats
  2 fungi
  10 plants
2095 creatures vanquished.

Vanquished Creatures (collateral kills)
  A dread lich (Zot:5)
  An Orb Guardian (Zot:5)
  A walking earthen tome (Depths:3)
  A shadow dragon (Depths:3)
  2 satyrs (Shoals:4)
  2 harpies (Shoals:4)
  3 fauns (Shoals:4)
  A water nymph (Shoals:4)
  A merfolk (Shoals:4)
13 creatures vanquished.

Vanquished Creatures (others)
  A draconian monk (Zot:3)
  A fire giant (Zot:4)
  A yellow draconian (Zot:4)
  A vampire mage (Depths:1)
  A scorpion (D:6)
  An orc wizard (D:4)
  A shadow imp (D:6)
  8 fungi
  38 plants
53 creatures vanquished.

Grand Total: 2161 creatures vanquished

Notes
Turn   | Place    | Note
-------+----------+-------------------------------------------
     0 | D:1      | HighWolly the Minotaur Berserker began the quest for the
                  | Orb.
     0 | D:1      | Reached XP level 1. HP: 19/19 MP: 0/0
     2 | D:1      | Noticed a demonspawn
     2 | D:1      | Noticed a troll
     4 | D:1      | Noticed a gargoyle
     6 | D:1      | Noticed a dwarf
     6 | D:1      | Noticed an elf
     8 | D:1      | Noticed a demigod
     8 | D:1      | Noticed a draconian
    10 | D:1      | Noticed an ogre
    10 | D:1      | Noticed a tengu
    12 | D:1      | Noticed a felid
    14 | D:1      | Noticed a naga
    14 | D:1      | Noticed a formicid
    16 | D:1      | Noticed a minotaur
    16 | D:1      | Noticed an octopode
    18 | D:1      | Noticed a vampire
    18 | D:1      | Noticed a ghoul
    20 | D:1      | Noticed a human
    20 | D:1      | Noticed a centaur
    22 | D:1      | Noticed a halfling
    24 | D:1      | Noticed a spriggan
    26 | D:1      | Noticed a merfolk
    26 | D:1      | Noticed a vine stalker
   235 | D:1      | Reached XP level 2. HP: 23/27 MP: 1/1
   573 | D:1      | Reached XP level 3. HP: 30/33 MP: 2/2
   876 | D:2      | Reached skill level 5 in Axes
   950 | D:2      | Noticed Sigmund
   960 | D:2      | Killed Sigmund
   960 | D:2      | Reached ** piety under Trog
   960 | D:2      | Reached skill level 5 in Fighting
   960 | D:2      | Reached XP level 4. HP: 25/42 MP: 3/3
   960 | D:2      | Reached XP level 5. HP: 29/48 MP: 4/4
  1648 | D:3      | Reached XP level 6. HP: 54/56 MP: 5/5
  2327 | D:3      | Upgraded the game from 0.23-a0-741-g38971ea054 to
                  | 0.23-a0-767-gdc19b93d68
  2548 | D:4      | Reached XP level 7. HP: 54/63 MP: 6/6
  2632 | D:4      | Found Gin Duyp's Food Shoppe.
  2686 | D:4      | Reached *** piety under Trog
  2885 | D:4      | Found a runed door.
  3383 | D:4      | Found a staircase to the Ecumenical Temple.
  3571 | D:4      | Noticed Crazy Yiuf
  3578 | D:4      | Killed Crazy Yiuf
  3617 | D:5      | Entered Level 5 of the Dungeon
  3636 | D:5      | Found a stormy altar of Qazlal.
  3728 | D:5      | Reached XP level 8. HP: 73/73 MP: 7/7
  4004 | D:5      | Reached skill level 10 in Axes
  4119 | D:5      | Reached **** piety under Trog
  4133 | D:5      | Found the +2 ratskin cloak {+Rats rPois rN+ Str-1 Int-1
                  | Dex+1}
  4686 | D:5      | Noticed Ijyb
  4697 | D:5      | Killed Ijyb
  4713 | D:5      | Got a steaming flail
  4714 | D:5      | Identified the +4 flail of Shrieking Terror {crush, +Rage
                  | rF+} (You found it on level 5 of the Dungeon)
  4995 | D:5      | Upgraded the game from 0.23-a0-767-gdc19b93d68 to
                  | 0.24-a0-378-g94936e539c
  5209 | D:6      | Noticed Edmund
  5218 | D:6      | Killed Edmund
  5470 | D:6      | Reached XP level 9. HP: 64/83 MP: 8/8
  5783 | D:7      | Found Jiwih's Assorted Antiques.
  5791 | D:7      | Bought a distressingly furry chain mail for 285 gold pieces
  5801 | D:7      | Identified the +11 chain mail of Makhleb's Regard {rC-
                  | Str+7 Stlth+} (You bought it in a shop on level 7 of the
                  | Dungeon)
  5840 | D:7      | Reached ***** piety under Trog
  6216 | D:7      | Reached skill level 10 in Fighting
  6691 | D:8      | Noticed an eight-headed hydra
  6717 | D:7      | Killed a six-headed hydra
  6717 | D:7      | Reached XP level 10. HP: 41/94 MP: 9/9
  7073 | D:8      | Noticed a manticore
  7074 | D:8      | Found a shimmering altar of Xom.
  7183 | D:8      | Found a staircase to the Lair.
  7526 | D:8      | Noticed a two-headed ogre
  7526 | D:8      | Noticed a tengu warrior
  7526 | D:8      | Noticed a manticore
  7542 | D:8      | Killed a manticore
  7542 | D:8      | Reached skill level 15 in Axes
  7555 | D:8      | Killed a tengu warrior
  7564 | D:8      | Killed a two-headed ogre
  7575 | D:8      | Reached XP level 11. HP: 71/104 MP: 10/10
  7596 | D:8      | Got a bloodstained shortbow
  7600 | D:8      | Identified the +5 shortbow "Bisch" {flame, rPois Str+3}
                  | (You found it on level 8 of the Dungeon)
  8007 | D:10     | Entered Level 10 of the Dungeon
  8011 | D:10     | Received a gift from Trog
  8297 | D:9      | Found Puwue's Assorted Antiques.
  8307 | D:9      | Bought a glowing shield for 142 gold pieces
  8337 | D:9      | Reached skill level 1 in Shields
  8642 | D:10     | Found a runed translucent door.
  8815 | D:10     | Noticed syranez's ghost (journeyman OpWz)
  9010 | D:10     | Noticed Erica
  9022 | D:10     | Killed Erica
  9389 | D:11     | Found an opulent altar of Gozag.
  9397 | D:11     | Found Gozag's Platinum Reserve.
  9569 | D:11     | Found Wikhaer's Gadget Shoppe.
  9572 | D:11     | Noticed a green ugly thing
  9579 | D:11     | Killed a green ugly thing
  9579 | D:11     | Received a gift from Trog
  9579 | D:11     | Reached skill level 5 in Shields
  9582 | D:11     | Got a slimy executioner's axe {god gift}
  9593 | D:11     | Identified the +8 executioner's axe of Wealth {freeze,
                  | rElec Int+4 Stlth-} (Trog gifted it to you on level 11 of
                  | the Dungeon)
  9936 | D:11     | Found a staircase to the Orcish Mines.
 10282 | Lair:1   | Entered Level 1 of the Lair of Beasts
 10305 | Lair:1   | Reached XP level 12. HP: 115/115 MP: 11/11
 10777 | Lair:1   | Found the +8 whip "Snakebite" {curare, rPois}
 11257 | Lair:2   | Found a hole to the Spider Nest.
 11992 | Lair:3   | Received a gift from Trog
 12148 | Lair:3   | Found a runed translucent gate.
 12148 | Lair:3   | Found a runed translucent gate.
 12149 | Lair:3   | Found a runed translucent gate.
 12256 | Lair:3   | Reached skill level 10 in Shields
 12298 | Lair:3   | Noticed Peloso's ghost (journeyman MiFi)
 12328 | Lair:3   | Noticed an eight-headed hydra
 12336 | Lair:3   | Killed a five-headed hydra
 12665 | Lair:4   | Noticed a seven-headed hydra
 12675 | Lair:4   | Killed a two-headed hydra
 12935 | Lair:4   | Reached XP level 13. HP: 125/125 MP: 12/12
 13006 | Lair:4   | Found a runed translucent door.
 13012 | Lair:4   | Identified the +3 spear of the Lamprey {pierce, rF+ Dex+5
                  | SInv}
 13012 | Lair:4   | Noticed firegrace's ghost (journeyman DrBe)
 13207 | Lair:4   | Found a staircase to the Shoals.
 14225 | Lair:6   | Entered Level 6 of the Lair of Beasts
 14233 | Lair:6   | Identified a scroll of acquirement
 14558 | Lair:6   | Reached ****** piety under Trog
 14562 | Lair:6   | Reached skill level 15 in Fighting
 15170 | Lair:6   | Received a gift from Trog
 15275 | Lair:6   | Noticed a dire elephant
 15282 | Lair:6   | Killed a dire elephant
 15282 | Lair:6   | Reached skill level 5 in Armour
 15385 | Lair:6   | Noticed a dire elephant
 15385 | Lair:6   | Noticed a dire elephant
 15399 | Lair:6   | Killed a dire elephant
 15399 | Lair:6   | Reached skill level 1 in Throwing
 15401 | Lair:6   | Killed a dire elephant
 15419 | Lair:6   | Identified the amulet of Seh Vooq {Harm *Drain Str+2} (You
                  | found it on level 6 of the Lair of Beasts)
 15477 | Lair:6   | Noticed a dire elephant
 15487 | Lair:6   | Killed a dire elephant
 15548 | Lair:6   | Noticed a dire elephant
 15560 | Lair:6   | Killed a dire elephant
 15560 | Lair:6   | Reached XP level 14. HP: 107/135 MP: 13/13
 16632 | D:12     | Found Zunlicko's Book Boutique.
 16747 | D:12     | Found a frozen archway.
 16752 | D:12     | Received a gift from Trog
 16769 | IceCv    | Entered an ice cave
 17003 | IceCv    | Found an ancient bone altar of Kikubaaqudgha.
 17593 | D:12     | Received a gift from Trog
 17821 | D:12     | Noticed Snorg
 17832 | D:12     | Killed Snorg
 17992 | D:12     | Noticed Sonja
 17994 | D:12     | Noticed Sonja
 17994 | D:12     | Sonja changed into Sonja the water moccasin
 18000 | D:12     | Killed Sonja the water moccasin
 18401 | D:13     | Reached skill level 15 in Shields
 18679 | D:13     | Found Emeuk's Distillery.
 18687 | D:13     | Bought 2 potions of haste for 300 gold pieces
 19329 | D:14     | Found a gate to the Vaults.
 19362 | D:14     | Received a gift from Trog
 19809 | D:15     | Entered Level 15 of the Dungeon
 19887 | D:15     | Found a staircase to the Depths.
 19887 | D:15     | Noticed a frost giant
 19892 | D:15     | Killed a frost giant
 19892 | D:15     | Reached skill level 5 in Throwing
 20477 | D:15     | Reached XP level 15. HP: 145/145 MP: 14/14
 20550 | D:15     | Found a portal to a secret trove of treasure.
 20934 | Orc:1    | Entered Level 1 of the Orcish Mines
 21015 | Orc:2    | Entered Level 2 of the Orcish Mines
 21091 | Orc:2    | Found a staircase to the Elven Halls.
 21142 | Orc:1    | Noticed an orc warlord
 21144 | Orc:1    | Received a gift from Trog
 21156 | Orc:1    | Killed an orc warlord
 21684 | Orc:2    | Received a gift from Trog
 21919 | Orc:2    | Found Kutwuekk's Book Shoppe.
 21919 | Orc:2    | Found Ofiukhlo's Antique Weapon Shop.
 21958 | Orc:2    | Found Faemank's Armour Shoppe.
 21958 | Orc:2    | Found Neihughabb's Book Shop.
 22236 | Spider:1 | Entered Level 1 of the Spider Nest
 22433 | Spider:1 | Received a gift from Trog
 22900 | Spider:2 | Reached skill level 10 in Armour
 23186 | Spider:2 | Reached XP level 16. HP: 140/155 MP: 15/15
 23824 | Spider:3 | Got a jewelled cloak
 23835 | Spider:3 | Identified the +1 cloak of Darkness {rF+} (You acquired it
                  | on level 3 of the Spider Nest)
 24124 | Spider:4 | Entered Level 4 of the Spider Nest
 24133 | Spider:4 | Received a gift from Trog
 24958 | Spider:4 | Got a gossamer rune of Zot
 25260 | Lair:2   | Upgraded the game from 0.24-a0-378-g94936e539c to
                  | 0.28-a0-1038-g9c4cb8273d
 26065 | Shoals:1 | Entered Level 1 of the Shoals
 26898 | Shoals:2 | Found Siwio's Distillery.
 26906 | Shoals:2 | Found Uddoss's Jewellery Shop.
 26908 | Shoals:2 | Bought a potion of heal wounds for 90 gold pieces
 26908 | Shoals:2 | Bought a potion of heal wounds for 90 gold pieces
 26918 | Shoals:2 | Received a gift from Trog
 26933 | Shoals:2 | Bought the amulet "Qarig" {rPois Regen+ rCorr} for 608 gold
                  | pieces
 26960 | Shoals:2 | Found Dyifrur's General Store.
 27128 | Shoals:2 | Reached XP level 17. HP: 153/168 MP: 16/16
 27275 | Shoals:2 | Found Wetumes's Magic Scroll Emporium.
 27383 | Shoals:2 | Found Sibaxeo's Magic Scroll Emporium.
 28010 | Shoals:3 | Reached skill level 10 in Throwing
 28084 | Shoals:3 | Identified the +4 broad axe of the Philosopher {chaos,
                  | Will+}
 28551 | Shoals:4 | Entered Level 4 of the Shoals
 29112 | Shoals:4 | Received a gift from Trog
 29446 | Shoals:4 | Paralysed by a sphinx for 2 turns
 29606 | Shoals:4 | Paralysed by a sphinx for 4 turns
 29616 | Shoals:4 | Received a gift from Trog
 29947 | Shoals:4 | Got a barnacled rune of Zot
 30473 | Depths:1 | Entered Level 1 of the Depths
 30560 | Depths:1 | Paralysed by a great orb of eyes for 4 turns
 30786 | Depths:1 | Found a one-way gate to the infinite horrors of the Abyss.
 30792 | Depths:1 | Found a gateway to a ziggurat.
 30855 | Depths:1 | Reached XP level 18. HP: 177/178 MP: 17/17
 31163 | Depths:1 | Noticed Margery
 31180 | Depths:1 | Killed Margery
 31402 | Depths:1 | Found a one-way gate leading to the halls of Pandemonium.
 31530 | Depths:1 | Found a hazy altar of Hepliaklqana.
 31602 | Depths:1 | Found a gateway to Hell.
 31910 | Depths:2 | Noticed Sojobo
 32231 | Depths:2 | Noticed Saint Roka
 32277 | Depths:2 | Killed Saint Roka
 32392 | Depths:2 | Received a gift from Trog
 32823 | Depths:2 | Paralysed by an air elemental for 1 turns
 32825 | Depths:2 | Paralysed by an air elemental for 1 turns
 32828 | Depths:2 | Paralysed by an air elemental for 1 turns
 33044 | Depths:2 | Noticed a golden dragon
 33168 | Depths:1 | Killed a golden dragon
 33615 | Depths:2 | Found Boulaik's Antique Armour Shop.
 33775 | Depths:2 | Killed Sojobo
 33900 | Depths:2 | Identified the +2 scimitar of Iniemi {chaos, Str+4 Dex+4
                  | SInv}
 34243 | Depths:3 | Reached skill level 15 in Armour
 34405 | Depths:3 | Noticed a walking earthen tome
 34443 | Depths:3 | Killed a walking earthen tome
 34463 | Depths:3 | Reached XP level 19. HP: 189/189 MP: 18/18
 34575 | Depths:3 | Received a gift from Trog
 34960 | Depths:3 | Found a basalt altar of Yredelemnul.
 35225 | Depths:4 | Found Osatz's Jewellery Boutique.
 35227 | Depths:4 | Found Ozoamam's Book Boutique.
 35259 | Depths:4 | Found Zotax's General Store.
 35283 | Depths:4 | Found Ramiet's Antique Armour Shop.
 35344 | Depths:4 | Found a gate to the Realm of Zot.
 35366 | Depths:4 | Found a flickering gateway to a bazaar.
 35372 | Bazaar   | Entered a bazaar
 35376 | Bazaar   | Found Taytof's Antique Weapon Boutique.
 35398 | Bazaar   | Found Antilurgh's Magic Scroll Emporium.
 35419 | Bazaar   | Found Vocvowna's Magic Scroll Boutique.
 35439 | Bazaar   | Found Jopsuton's Magic Scroll Shoppe.
 35481 | Bazaar   | Bought a scroll of blinking for 97 gold pieces
 35481 | Bazaar   | Bought a scroll of magic mapping for 45 gold pieces
 35496 | Bazaar   | Bought a scroll of blinking for 105 gold pieces
 35496 | Bazaar   | Bought a scroll of enchant armour for 105 gold pieces
 35496 | Bazaar   | Bought a scroll of summoning for 133 gold pieces
 35634 | Depths:4 | Found a magical portal.
 35639 | WizLab   | Entered Iskenderun's Mystic Tower
 35682 | WizLab   | Received a gift from Trog
 36454 | Depths:4 | Noticed a golden dragon
 36454 | Depths:4 | You fall into a shaft and drop 1 floor!
 36454 | Depths:5 | Entered Level 5 of the Depths
 37147 | Depths:4 | Found Ramiet's Antique Armour Shop.
 37160 | Depths:4 | Found Zotax's General Store.
 37327 | Depths:4 | Killed a golden dragon
 37479 | Depths:4 | Found Osatz's Jewellery Boutique.
 37480 | Depths:4 | Found Ozoamam's Book Boutique.
 37541 | Depths:4 | Upgraded the game from 0.28-a0-1038-g9c4cb8273d to
                  | 0.28-a0-1142-gc8569940dd
 38061 | Depths:5 | Noticed a golden dragon
 38074 | Depths:4 | Reached skill level 5 in Dodging
 38085 | Depths:4 | Received a gift from Trog
 39466 | Depths:5 | Reached XP level 20. HP: 157/202 MP: 19/19
 39586 | Depths:5 | Killed a golden dragon
 39871 | Depths:5 | Noticed a golden dragon
 39876 | Depths:5 | Noticed a golden dragon
 39879 | Depths:5 | Killed a golden dragon
 39903 | Depths:5 | Killed a golden dragon
 39965 | Depths:5 | Found a gate to the Realm of Zot.
 40290 | Vaults:1 | Entered Level 1 of the Vaults
 41022 | Vaults:1 | Acquired the ring "Pecexim" {Fly rElec rPois Will+}
 41138 | Vaults:1 | Identified the +6 hand axe of Trog's Benevolence {flame,
                  | rElec} (Trog gifted it to you on level 1 of the Vaults)
 41138 | Vaults:1 | Received a gift from Trog
 41570 | Vaults:1 | Found Utat's Antique Armour Shop.
 42027 | Vaults:1 | Received a gift from Trog
 42637 | Vaults:2 | Reached XP level 21. HP: 215/215 MP: 20/20
 42651 | Vaults:2 | Received a gift from Trog
 42856 | Vaults:2 | Noticed Bai Suzhen
 42877 | Vaults:2 | Killed Bai Suzhen
 43355 | Vaults:2 | Found Zenat's Assorted Antiques.
 43471 | Vaults:2 | Identified the +4 mace "Huomoewa" {drain, Drain Str+6
                  | Int+2}
 43736 | D:9      | Bought a scroll of enchant armour for 142 gold pieces
 43953 | Shoals:2 | Bought a scroll of enchant weapon for 105 gold pieces
 43953 | Shoals:2 | Bought a scroll of blinking for 105 gold pieces
 43981 | Shoals:2 | Bought a scroll of blinking for 135 gold pieces
 43981 | Shoals:2 | Bought a scroll of enchant weapon for 135 gold pieces
 44437 | Vaults:3 | Reached skill level 10 in Dodging
 44486 | Vaults:3 | Found a crumbling gateway.
 44491 | Desolati | Entered the Desolation of Salt
 44495 | Desolati | Received a gift from Trog
 44897 | Desolati | Identified the ring of the Scorching Oracle {rF+ rCorr
                  | Str+3}
 44943 | Desolati | Identified the ring of the Philosopher {rCorr EV+4 Int-4
                  | Dex+10}
 45117 | Desolati | Received a gift from Trog
 45697 | Vaults:3 | Found Ibratas's Assorted Antiques.
 46006 | Vaults:3 | Found a staircase to the Crypt.
 46117 | Vaults:3 | Acquired a manual of Throwing
 46195 | Vaults:3 | Received a gift from Trog
 46702 | Vaults:4 | Reached XP level 22. HP: 232/232 MP: 7/21
 46813 | Vaults:4 | Reached skill level 27 in Fighting
 47013 | Vaults:4 | Received a gift from Trog
 47839 | Vaults:5 | Entered Level 5 of the Vaults
 47844 | Vaults:5 | Received a gift from Trog
 47845 | Vaults:5 | Reached skill level 15 in Throwing
 47912 | Vaults:5 | Noticed an ancient lich
 47933 | Vaults:5 | Killed an ancient lich
 47951 | Vaults:5 | Noticed Jory
 48094 | Vaults:4 | Killed Jory
 48245 | Vaults:5 | Received a gift from Trog
 48645 | Vaults:4 | Reached XP level 23. HP: 122/235 MP: 7/22
 48748 | Vaults:4 | Received a gift from Trog
 48943 | Vaults:5 | Identified the +6 dagger of Beogh's Esteem {protect, *Noise
                  | Fragile Str+8 Stlth+}
 49427 | Vaults:5 | Identified the +11 long sword of Midnight {freeze, rF+
                  | Dex+5 Stlth-}
 49435 | Vaults:5 | Got a silver rune of Zot
 50345 | Vaults:5 | Found Ateffej's Weapon Shop.
 50354 | Vaults:5 | Identified the +6 hand axe of Fimbulwinter {vorpal, rCorr
                  | Str+4 Dex-2}
 50357 | Vaults:5 | Identified the +5 short sword of Valiance {elec, Fly rPois}
 50509 | Vaults:5 | Identified the +7 shortbow of Disorder {vorpal, Dex+6}
 50526 | Vaults:5 | Identified the +10 pearl dragon scales "Waura" {rN+ Int+4}
 50929 | Zot:1    | Entered Level 1 of the Realm of Zot
 50929 | Zot:1    | Noticed an ancient lich
 50930 | Zot:1    | Noticed a Killer Klown
 51076 | Zot:1    | Noticed a Killer Klown
 51077 | Zot:1    | Noticed a Killer Klown
 51694 | Zot:1    | Killed an ancient lich
 52008 | Zot:1    | Received a gift from Trog
 52255 | Zot:1    | Killed a Killer Klown
 52561 | Zot:1    | Noticed an orb of fire
 52567 | Zot:1    | Gained mutation: You are weak. (Str -2) [an orb of fire]
 52568 | Zot:1    | Gained mutation: You sometimes lose the ability to read
                  | scrolls when taking damage. [an orb of fire]
 52588 | Zot:1    | Killed an orb of fire
 53189 | Zot:1    | Killed a Killer Klown
 53244 | Zot:1    | Killed a Killer Klown
 54097 | Zot:2    | Found a transporter.
 54106 | Zot:2    | Found a transporter.
 54109 | Zot:2    | Found a transporter.
 54115 | Zot:2    | Found a transporter.
 54115 | Zot:2    | Noticed an orb of fire
 54128 | Zot:2    | Noticed a Killer Klown
 54133 | Zot:2    | Gained mutation: Armour fits poorly on your strangely
                  | shaped body. [an orb of fire]
 54143 | Zot:2    | Gained mutation: You are very weak. (Str -4) [an orb of
                  | fire]
 54144 | Zot:2    | Identified the +7 short sword "Waixamn" {freeze, rC+ Dex+4}
 54148 | Zot:2    | Gained mutation: You are occasionally teleported next to
                  | monsters. [an orb of fire]
 54152 | Zot:2    | Gained mutation: You occasionally shout uncontrollably at
                  | your foes. [an orb of fire]
 54161 | Zot:2    | Gained mutation: Your body sometimes deteriorates upon
                  | taking damage. [an orb of fire]
 54167 | Zot:2    | HP: 12/240 [orb of fire/bolt of fire (24)]
 54415 | Depths:3 | Lost mutation: You occasionally shout uncontrollably at
                  | your foes. [potion of mutation]
 54415 | Depths:3 | Lost mutation: Your body sometimes deteriorates upon taking
                  | damage. [potion of mutation]
 54415 | Depths:3 | Gained mutation: You do not regenerate when monsters are
                  | visible. [potion of mutation]
 54415 | Depths:3 | Gained mutation: Your mind is acute. (Int +2) [potion of
                  | mutation]
 54415 | Depths:3 | Gained mutation: Your movements are slightly less
                  | encumbered by armour. (ER -2) [potion of mutation]
 54416 | Depths:3 | Lost mutation: Armour fits poorly on your strangely shaped
                  | body. [potion of mutation]
 54416 | Depths:3 | Lost mutation: You are very weak. (Str -4) [potion of
                  | mutation]
 54416 | Depths:3 | Gained mutation: Your magical capacity is low. (-10% MP)
                  | [potion of mutation]
 54416 | Depths:3 | Gained mutation: Your flesh is cold resistant. (rC+)
                  | [potion of mutation]
 54417 | Depths:3 | Lost mutation: Your flesh is cold resistant. (rC+) [potion
                  | of mutation]
 54417 | Depths:3 | Lost mutation: Your mind is acute. (Int +2) [potion of
                  | mutation]
 54417 | Depths:3 | Lost mutation: You are weak. (Str -2) [potion of mutation]
 54417 | Depths:3 | Lost mutation: You do not regenerate when monsters are
                  | visible. [potion of mutation]
 54417 | Depths:3 | Gained mutation: Your mind is acute. (Int +2) [potion of
                  | mutation]
 54417 | Depths:3 | Gained mutation: Your natural rate of healing is unusually
                  | fast. [potion of mutation]
 54533 | D:13     | Bought a potion of mutation for 120 gold pieces
 54781 | Lair:4   | Killed firegrace's ghost
 54922 | Shoals:2 | Bought a potion of mutation for 144 gold pieces
 54922 | Shoals:2 | Bought a potion of haste for 180 gold pieces
 54922 | Shoals:2 | Bought a potion of haste for 180 gold pieces
 55441 | Zot:2    | Killed an orb of fire
 55957 | Zot:3    | Reached XP level 24. HP: 215/249 MP: 0/19
 55963 | Zot:3    | Reached skill level 15 in Dodging
 55978 | Zot:2    | Received a gift from Trog
 57242 | Zot:3    | Reached skill level 27 in Armour
 57792 | Zot:4    | Received a gift from Trog
 58204 | Zot:3    | Lost mutation: You sometimes lose the ability to read
                  | scrolls when taking damage. [potion of mutation]
 58204 | Zot:3    | Lost mutation: Your natural rate of healing is unusually
                  | fast. [potion of mutation]
 58204 | Zot:3    | Lost mutation: Your magical capacity is low. (-10% MP)
                  | [potion of mutation]
 58204 | Zot:3    | Gained mutation: Your mind is very acute. (Int +4) [potion
                  | of mutation]
 58205 | Zot:3    | Lost mutation: Your mind is very acute. (Int +4) [potion of
                  | mutation]
 58205 | Zot:3    | Lost mutation: Your mind is acute. (Int +2) [potion of
                  | mutation]
 58205 | Zot:3    | Gained mutation: You are strong-willed. (Will+) [potion of
                  | mutation]
 58205 | Zot:3    | Gained mutation: You have a pair of large horns on your
                  | head. [potion of mutation]
 58206 | Zot:3    | Lost mutation: You are strong-willed. (Will+) [potion of
                  | mutation]
 58206 | Zot:3    | Lost mutation: You have a pair of large horns on your head.
                  | [potion of mutation]
 58206 | Zot:3    | Gained mutation: You are partially covered in iridescent
                  | scales. (AC +2) [potion of mutation]
 58206 | Zot:3    | Gained mutation: You have supernaturally acute eyesight.
                  | (SInv) [potion of mutation]
 58250 | Zot:4    | Noticed an orb of fire
 58261 | Zot:4    | Gained mutation: You are resistant to electric shocks.
                  | (rElec) [an orb of fire]
 58262 | Zot:4    | Gained mutation: You are clumsy. (Dex -2) [an orb of fire]
 58268 | Zot:4    | Gained mutation: You sometimes lose the ability to read
                  | scrolls when taking damage. [an orb of fire]
 58270 | Zot:4    | Killed an orb of fire
 59151 | Zot:4    | Identified the amulet "Keytt" {Spirit Str+2 Int+4 Stlth+}
 59985 | Zot:5    | Entered Level 5 of the Realm of Zot
 60580 | Zot:5    | Received a gift from Trog
 60673 | Zot:5    | Noticed an orb of fire
 60673 | Zot:5    | Noticed an ancient lich
 60673 | Zot:5    | Noticed an ancient lich
 60673 | Zot:5    | Noticed a dread lich
 60679 | Zot:5    | Noticed a dread lich
 60680 | Zot:5    | Killed a dread lich
 60682 | Zot:5    | Noticed a Killer Klown
 60821 | Zot:4    | Lost mutation: You are partially covered in iridescent
                  | scales. (AC +2) [potion of mutation]
 60821 | Zot:4    | Lost mutation: You are occasionally teleported next to
                  | monsters. [potion of mutation]
 60821 | Zot:4    | Lost mutation: You sometimes lose the ability to read
                  | scrolls when taking damage. [potion of mutation]
 60821 | Zot:4    | Gained mutation: You tend to lose your temper in combat.
                  | [potion of mutation]
 60861 | Zot:5    | Noticed an orb of fire
 60882 | Zot:5    | Gained mutation: Your magical capacity is low. (-10% MP)
                  | [an orb of fire]
 60883 | Zot:5    | Lost mutation: You are clumsy. (Dex -2) [an orb of fire]
 60900 | Zot:5    | Noticed a Killer Klown
 60902 | Zot:5    | Killed an orb of fire
 60980 | Zot:5    | Killed a Killer Klown
 61068 | Zot:5    | Reached XP level 25. HP: 228/257 MP: 0/19
 61222 | Zot:5    | Killed an ancient lich
 61271 | Zot:5    | Killed a Killer Klown
 61471 | Zot:5    | Killed an ancient lich
 61626 | Zot:5    | Gained mutation: You are clumsy. (Dex -2) [an orb of fire]
 61629 | Zot:5    | Killed a dread lich
 61645 | Zot:5    | Killed an orb of fire
 61854 | Zot:5    | Noticed a Killer Klown
 61866 | Zot:5    | Noticed a dread lich
 61928 | Zot:5    | Killed a dread lich
 61935 | Zot:5    | Killed a Killer Klown
 62221 | Zot:5    | Identified the +2 cloak "Hamagrum" {Str+6}
 62534 | Zot:5    | Got the Orb of Zot
 62643 | Zot:3    | Noticed Acihoud the pandemonium lord
 62991 | D:9      | Received a gift from Trog
 62997 | D:9      | Noticed Zezifuc the pandemonium lord
 63410 | D:$      | Escaped with the Orb!

Illustrated notes

Levels and vault maps discovered:
D:1:      kb_arrival_jail
D:2:      uniq_sigmund
D:4:      temple_pool_b, serial_shops, kennysheep_mini_moat, first_ration,
          bh_walls_and_bars, uniq_crazy_yiuf_cottage
D:5:      wander_guarded_unrand_ratskin, nicolae_qazlal_eye_of_the_storm,
          chequers_big_river, dk_noncrumbling_3, uniq_ijyb
D:6:      layout_loops_ring, lemuel_flame_loot_1, uniq_edmund
D:7:      layout_cave_pods, serial_shops, shop, grunt_livestock, nicolae_sextant
D:8:      minmay_the_grid_triangle_9x9_recursive_2
          [minmay_the_grid_triangle_9x9_prize_insulated,
          minmay_the_grid_triangle_9x9_stretched_checkered,
          minmay_the_grid_triangle_9x9_zippers_vertical,
          minmay_the_grid_triangle_9x9_impossible_snake], layout_gridville,
          grunt_lair_entry_orc_guard_hut, basic_altar, kennysheep_island_fort
D:9:      layout_basic, serial_shops, nicolae_shop_overgrown_old_shop
D:10:     layout_cave_pods, ebering_ghost_inner_flame, uniq_erica
D:11:     layout_basic, hiddenorc1_lemuel, serial_shops, shop,
          serial_co_window_serial, co_window_paths_a, co_window_paths_a,
          co_window_corner_a, co_window_paths_a, co_window_paths_b,
          co_window_corner_b, co_window_broadway_a, co_window_unsneaky_path_c,
          co_window_broadway_c, glass_columns_c, glass_columns_b,
          nicolae_gozag_zags_fifth_avenue
D:12:     layout_loops_cross, serial_shops, nicolae_shop_trees,
          portal_ice_cave_entry_imps, uniq_snorg, uniq_sonja
D:13:     layout_small_grid, serial_shops, nicolae_shop_stone
D:14:     dragon1_lemuel, layout_irregular_city,
          lightli_vaults_fourway_checkpoint, hangedman_glass_teeth
D:15:     grunt_enter_depths_snipers, layout_irregular_city, enter_trove_3,
          hangedman_abyss_or_decor_stabs
Lair:1:   minmay_guarded_unrand_snakebite, layout_small_grid, lemuel_fruit_tree
Lair:2:   layout_roguey, spider_nest_entry_web_field,
          chequers_serial_rivers_micro_a
Lair:3:   layout_gridlike, gammafunk_ghost_icy
Lair:4:   layout_long_grid, elwin_shoals_entry_rooms,
          ebering_ghost_funeral_grove, wad_woods_road_05
Lair:5:   layout_cave_pods
Lair:6:   due_jungle_book, layout_loops_ring, minmay_slime_entry_oklob_enclosed,
          columned_hall_lemuel
Shoals:1: layout_shoals
Shoals:2: layout_shoals, serial_shops, nicolae_shop_advertising_works
          [nicolae_subvault_shop_adworks], nicolae_shop_crystal, shop,
          nicolae_stop_n_shop_2, shop
Shoals:3: layout_shoals, nicolae_shoals_aquamancer_cove
Shoals:4: shoals_end_hellmonk_lost_city
Spider:1: layout_spider_delve
Spider:2: layout_spider_delve
Spider:3: layout_spider_delve
Spider:4: grunt_spider_rune_island, drop_trap
Orc:1:    layout_diamond_mine
Orc:2:    grunt_orc_tribal_feast, layout_caves
Vaults:1: ontoclasm_vaults_idyll, hangedman_vaults_slice, vaults_room_grid,
          nicolae_vaults_circle_grid_b, v_misc_30, v_misc_17,
          dpeg_vaults_pockets_of_resistance, ontoclasm_vaults_eye,
          ontoclasm_vaults_decontamination, nicolae_vaults_little_ls,
          v_pattern_3, dpeg_vaults_monster_box, layout_vaults_omnicross,
          serial_shops, shop
Vaults:2: v_alt_pattern_2, vaults_room_ringed_pool, grunt_vaults_hallway_long,
          grunt_vaults_trifunnel, vaults_room_door_ring,
          nicolae_vaults_specimen_jars, vaults_mumra_minichess,
          vaults_mumra_hexcomb, layout_vaults_omnigrid, serial_shops, shop,
          serial_glass, uniq_bai_suzhen
Vaults:3: portal_desolation_entry_ruin, v_misc_14, v_pattern_4,
          minmay_crypt_entry_simple_plaza, v_misc_25, vaults_dpeg_doors,
          vaults_room_pools, layout_vaults_chaotic_city, serial_shops, shop
Vaults:4: v_pattern_5, serial_ice_h, vaults_room_boxed, hangedman_vaults_snaps,
          hangedman_vaults_capsules, v_misc_29, ontoclasm_vaults_gateway,
          dpeg_vaults_monster_row, vaults_room_guarded_vault,
          nicolae_vaults_diagonal_hallway_6, vaults_room_stairs_pillars,
          layout_vaults_maze_snakey
Vaults:5: serial_shops, uniq_jory
Depths:1: layout_twisted_cross, enter_ziggurat_a, rand_demon_pan_entry_5,
          grunt_metal_band, abyss_entry, nzn_hepliaklqana_mist_gate
Depths:2: kennysheep_oblong_rooms, layout_basic, grunt_pan_entry_sceptre,
          hell_entry, hangedman_decor_clover_reticule, serial_bayou_shore_b,
          minmay_shop_star, serial_bayou_shore_b, infiniplex_staircase_x,
          uniq_sojobo, uniq_saint_roka
Depths:3: nicolae_cairo_tiling_large_dashed, layout_gridlike,
          serial_bayou_pond_e, hangedman_coc_ice_floe, minmay_room_of_horrors,
          nicolae_yredelemnul_corpse_copse
Depths:4: nicolae_cairo_tiling, layout_gridville, zot_entry_small,
          hangedman_abyss_entry_splay, serial_shops, bzr_entry_safe,
          nicolae_diamond_shop, shop, nicolae_shop_trees, nicolae_shop_trees,
          mu_enter_wizlab_2, hell_entry
Depths:5: evilmike_zot_entry_hall, layout_basic,
          hangedman_abyss_or_decor_passed, hangedman_tar_grid_catacomb,
          abyss_entry, grunt_tough_drop
Zot:1:    ebering_klown_carousel, layout_concentric_octagons
Zot:2:    layout_misc_corridors, serial_nicolae_subway,
          nicolae_sub_station_metal, nicolae_sub_station_crystal,
          nicolae_sub_station_stone
Zot:3:    layout_misc_corridors, grunt_megastairs_5
Zot:4:    minmay_elemental_castle, layout_misc_corridors
Zot:5:    layout_misc_corridors

Skill      XL: |  1  2  3  4  5  6  7  8  9 10 11 12 13 14 15 16 17 18 19 20 21 22 23 24 25 |
---------------+----------------------------------------------------------------------------+-----
Axes           | 4 6 7 8 9 11 14 15 17 18 | 18.9
Fighting       | 4 5 6 7 9 10 12 13 14 15 16 17 19 20 21 22 24 26 27 | 27.0
Shields        | 6 11 14 16 17 20 22 24 25 | 25.0
Armour         | 5 8 10 11 15 18 20 21 24 26 27 | 27.0
Throwing       | 1 5 7 9 11 12 16 | 16.0
Dodging        | 5 9 10 14 20 22 | 22.8

Action                   |  1- 3 |  4- 6 |  7- 9 | 10-12 | 13-15 | 16-18 | 19-21 | 22-24 | 25-27 || total
-------------------------+-------+-------+-------+-------+-------+-------+-------+-------+-------++-------
Melee: Hand axe          |    81 |   142 |    84 |    17 |    53 |       |     2 |       |       ||   379
       Headbutt          |    13 |    24 |    64 |   103 |   228 |   317 |   513 |   610 |    91 ||  1963
       Quarterstaff      |       |       |   110 |       |       |       |       |       |       ||   110
       Flail             |       |       |   143 |    88 |       |       |       |       |       ||   231
       Broad axe         |       |       |       |   337 |   896 |  1142 |  1747 |  1940 |   313 ||  6375
       War axe           |       |       |       |    33 |       |       |       |       |       ||    33
Throw: Dart              |       |       |       |       |     5 |       |       |       |       ||     5
       Javelin           |       |       |       |       |     2 |    33 |    68 |    27 |    16 ||   146
       Throwing net      |       |       |       |       |       |       |       |     1 |       ||     1
Invok: Trog's Hand       |       |       |     1 |     2 |     9 |     4 |       |     7 |     2 ||    25
       Berserk           |       |       |     1 |     1 |     2 |     1 |       |     1 |       ||     6
       Brothers in Arms  |       |       |       |       |       |     2 |       |     5 |       ||     7
Evoke: Wand              |       |       |       |       |     1 |       |       |       |       ||     1
  Use: Scroll            |       |       |    14 |     9 |    21 |     5 |    15 |     9 |       ||    73
       Potion            |       |       |     1 |     1 |       |     5 |       |    15 |     9 ||    31
 Stab: Sleeping          |     1 |       |       |       |       |       |       |       |       ||     1
       Distracted        |       |       |       |       |       |       |     1 |       |       ||     1
  Eat: Removed food      |       |     5 |    14 |    24 |    30 |     6 |       |       |       ||    79
       Removed food      |       |       |     1 |       |     3 |       |       |       |       ||     4
Armor: Animal skin       |    19 |     5 |       |       |       |       |       |       |       ||    24
       Chain mail        |       |    51 |   228 |   180 |   287 |   512 |    65 |       |       ||  1323
       Gold dragon scale |       |       |       |       |       |       |   485 |   906 |   101 ||  1492
       Plate armour      |       |       |       |       |       |       |    74 |       |       ||    74
Dodge: Dodged            |    51 |    35 |   143 |   174 |   272 |   377 |   306 |   487 |    63 ||  1908
Block: Kite shield       |       |       |       |   150 |   625 |   783 |       |       |       ||  1558
       Tower shield      |       |       |       |       |       |   303 |  1693 |  1875 |   263 ||  4134

Table legend: (Time is in decaauts)
 A = Elapsed time spent in this place.
 B = Non-inter-level travel time spent in this place.
 C = Inter-level travel time spent in this place.
 D = Time resting spent in this place.
 E = Time spent auto-exploring this place.
 F = Levels seen in this place.
 G = Mean time per level.
                   A        B        C        D        E       F      G
               +--------+--------+--------+--------+--------+-----+--------+
         Total |  61943 |  54202 |   7741 |  10398 |  28735 |  50 | 1238.9 |
       Dungeon |  16953 |  13657 |   3296 |   1941 |   8789 |  15 | 1130.2 |
          Lair |   7212 |   6182 |   1030 |    539 |   4662 |   6 | 1202.0 |
        Shoals |   4423 |   3925 |    498 |    867 |   1547 |   4 | 1105.8 |
   Spider Nest |   3068 |   2782 |    286 |    392 |   1622 |   4 |  767.0 |
  Orcish Mines |   1069 |    971 |     98 |    231 |    465 |   2 |  534.5 |
        Vaults |   8466 |   7962 |    504 |   1356 |   4524 |   5 | 1693.2 |
        Depths |   8412 |   7247 |   1165 |   1468 |   2984 |   5 | 1682.4 |
           Zot |   9998 |   9138 |    860 |   2985 |   3517 |   5 | 1999.6 |
        Bazaar |    149 |    149 |      0 |      0 |     85 |   1 |  149.0 |
      Ice Cave |    778 |    778 |      0 |    254 |    207 |   1 |  778.0 |
        Wizlab |    636 |    636 |      0 |    226 |      0 |   1 |  636.0 |
    Desolation |    774 |    774 |      0 |    135 |    331 |   1 |  774.0 |
               +--------+--------+--------+--------+--------+-----+--------+

Top non-repeatable levels by time:
   Zot:1: 2945 daAuts
Depths:4: 2274 daAuts
   Zot:4: 2267 daAuts
   Zot:5: 2094 daAuts
Vaults:4: 1982 daAuts
Vaults:5: 1866 daAuts
   Zot:3: 1856 daAuts
Vaults:1: 1840 daAuts
Depths:2: 1723 daAuts
Depths:1: 1685 daAuts
Shoals:3: 1675 daAuts
Depths:3: 1483 daAuts
Vaults:2: 1439 daAuts
Vaults:3: 1338 daAuts
Depths:5: 1245 daAuts
Note: time per level data comes from an upgraded game and may be incomplete.
